Map: Heavy Artillery LE

Players

Kepons

  • Race: Terran Terran
  • League: Diamond
  • Spawn Location: 1:00

Zergatul

  • Race: Protoss Protoss
  • League: Diamond
  • Spawn Location: 3:00

qqq - Winner!

  • Race: Zerg Zerg
  • League: Platinum
  • Spawn Location: 7:00

Massa - Winner!

  • Race: Terran Terran
  • League: Platinum
  • Spawn Location: 7:00

VOD

Have the link to the VOD?

Description

Time

  • Played on: Nov. 23, 2020, 4:04 p.m.
  • Length: 5:08
Show
View Real Time Build Order
Export as new Build Order

Kepons Terran 

Build Orders: 2 Factory 

Get SALT Encoding   

  12  0:00  SCV  
  13  0:24  Supply Depot  
  13  0:25  SCV  
  14  0:38  SCV  
  14  0:40  Refinery  
  15  0:54  Barracks  
  15  0:57  SCV  
  16  1:09  SCV  
  17  1:25  Command Center  
  17  1:30  SCV  
  18  1:41  Marine  
  19  1:49  Factory  
  19  1:59  Orbital Command  
  19  2:18  Refinery, Factory  
  19  2:30  SCV  
  20  2:37  Factory Tech Lab  
  20  2:42  SCV  
  20  2:43  Orbital Command  
  21  3:11  Supply Depot  
  21  3:12  Barracks Reactor, Factory Reactor  
  21  3:17  SCV  
  21  3:19  SCV  
  23  3:22  Refinery  
  23  3:29  SCV  
  23  3:31  SCV  
  23  3:33  Infernal Pre-Igniter  
  27  3:34  Hellion  
  27  3:41  SCV  
  27  3:43  SCV  
  29  3:55  SCV x2  
  31  4:00  Hellion  
  31  4:01  Hellion x2, Supply Depot  
  37  4:07  SCV  
  38  4:12  SCV  
  39  4:19  SCV, Marine x2  
  42  4:24  SCV  
  42  4:28  Hellion x3  
  48  4:31  SCV  
Show
View Real Time Build Order
Export as new Build Order

Zergatul Protoss 

Build Orders: 1 Gate Expand 

Get SALT Encoding   

  12  0:01  Probe  
  13  0:19  Pylon  
  13  0:22  Probe  
  14  0:34  Probe  
  15  0:42  Gateway  
  15  0:48  Pylon  
  15  0:51  Probe  
  16  1:02  Forge  
  16  1:34  Nexus  
  16  1:46  Cybernetics Core  
  16  1:55  Assimilator  
  16  1:57  Assimilator  
  16  2:04  Probe  
  17  2:11  Pylon  
  16  2:16  Probe (Chrono Boost)  
  17  2:26  Probe (Chrono Boost)  
  17  2:29  Photon Cannon  
  18  2:33  Probe (Chrono Boost)  
  19  2:45  Probe (Chrono Boost)  
  19  2:48  Probe (Chrono Boost)  
  21  2:54  Pylon  
  21  2:55  Probe (Chrono Boost)  
  21  2:57  Probe (Chrono Boost)  
  23  3:01  Sentry  
  23  3:05  Probe  
  26  3:08  Probe  
  27  3:14  Warp Gate (Chrono Boost)  
  28  3:20  Probe x2 (Chrono Boost)  
  29  3:30  Probe (Chrono Boost)  
  29  3:32  Probe (Chrono Boost)  
  31  3:36  Probe (Chrono Boost), Robotics Facility  
  32  3:41  Probe  
  32  3:44  Assimilator  
  32  3:48  Assimilator  
  33  3:52  Probe  
  33  3:53  Probe, Sentry  
  37  4:04  Probe  
  37  4:05  Probe  
  39  4:16  Probe  
  39  4:17  Probe, Photon Cannon  
  40  4:21  Gateway  
  41  4:28  Probe, Sentry (Chrono Boost)  
  44  4:33  Probe  
  45  4:40  Probe  
  45  4:42  Photon Cannon  
  46  4:52  Probe  
  39  5:06  Photon Cannon, Shield Battery  
Show
View Real Time Build Order
Export as new Build Order

qqq Zerg - Winner!

Build Orders: Hatch First 

Get SALT Encoding   

  12  0:01  Drone  
  13  0:08  Drone  
  14  0:42  Hatchery  
  13  0:59  Drone, Overlord  
  14  1:08  Spawning Pool  
  14  1:09  Drone  
  14  1:21  Drone x2  
  14  1:23  Extractor  
  15  1:39  Drone  
  16  1:45  Drone  
  17  1:55  Drone  
  17  1:57  Drone  
  19  2:03  Queen  
  19  2:04  Queen  
  19  2:08  Drone  
  24  2:13  Drone  
  25  2:17  Drone  
  25  2:19  Drone  
  27  2:27  Overlord  
  27  2:32  Metabolic Boost  
  27  2:38  Drone  
  28  2:45  Zergling x2  
  28  2:49  Zergling x2  
  28  2:50  Zergling x2  
  28  2:51  Overlord  
  31  2:57  Zergling x2  
  32  3:00  Zergling x2  
  33  3:10  Zergling x2  
  33  3:12  Overlord  
  34  3:18  Zergling x6  
  37  3:20  Zergling x6  
  37  3:24  Drone  
  41  3:33  Zergling x2  
  42  3:34  Zergling x2  
  43  3:44  Zergling x4  
  43  3:45  Zergling x4  
  43  3:47  Zergling x2  
  43  3:48  Zergling x6  
  51  3:56  Zergling x2  
  51  4:00  Overlord  
  52  4:03  Overlord  
  49  4:34  Zergling x4  
  49  4:35  Zergling x4  
  44  4:47  Zergling x4  
  44  4:48  Zergling x6  
Show
View Real Time Build Order
Export as new Build Order

Massa Terran - Winner!

Build Orders: Reaper Expand 

Get SALT Encoding   

  12  0:00  SCV  
  13  0:12  SCV  
  14  0:23  Supply Depot  
  14  0:24  SCV  
  15  0:39  Refinery  
  15  0:45  SCV  
  15  0:47  Barracks  
  16  0:57  SCV  
  17  1:09  SCV  
  18  1:18  Supply Depot  
  18  1:21  SCV  
  19  1:34  Reaper  
  19  1:39  Orbital Command  
  20  2:07  Command Center  
  20  2:18  Barracks  
  20  2:19  Barracks  
  20  2:21  Barracks Reactor  
  20  2:23  Barracks Tech Lab  
  20  2:30  SCV  
  21  2:42  Marine  
  22  2:44  Stimpack  
  22  2:48  SCV  
  23  3:01  Marauder  
  25  3:06  Marine  
  25  3:07  Marine  
  25  3:12  Supply Depot  
  27  3:13  SCV  
  28  3:22  Marauder  
  28  3:24  Marine x2  
  28  3:25  SCV  
  33  3:38  Factory  
  33  3:39  Orbital Command  
  33  3:41  SCV  
  34  3:42  Marine  
  34  3:43  Marauder  
  34  3:44  Marine  
  38  4:00  Marine  
  38  4:01  Marine  
  40  4:05  SCV x2, Marauder  
  40  4:06  Supply Depot  
  44  4:14  Engineering Bay  
  44  4:17  SCV  
  44  4:18  Marine  
  44  4:19  Marine  
  47  4:26  Marauder  
  49  4:36  Marine  
  49  4:37  Marine  
Tags
 
Add a new tag
Caveats
  • Supply blocks, unpowered buildings, or Contaminate may cause inaccurate times.
  • Supply counts are checked every 10 seconds.